 Dungeon Crawl Stone Soup version 0.31-a0-978-g1e143483b6 (webtiles) character file.

Game seed: 4661264708661547652

121 SeanOg the Cutter (level 5, -3/43 HPs)
             Began as a Gnoll Reaver on Oct 30, 2023.
             Was a Believer of Elyvilon.
             Killed by nerve-wracking pain
             ... invoked by Grinder
              (9 damage)
             ... on level 3 of the Dungeon.
             The game lasted 00:28:43 (4196 turns).

SeanOg the Cutter (Gnoll Reaver)                    Turns: 4196, Time: 00:28:44

Health: -3/43      AC: 10    Str: 12    XL:     5   Next: 5%
Magic:  12/12      EV:  7    Int: 14    God:    Elyvilon [**....]
Gold:   55         SH:  0    Dex: 10    Spells: 13/14 levels left

rFire   . . .        a - +0 short sword
rCold   + . .        (no shield)
rNeg    . . .        t - +2 chain mail {rC+}
rPois   .            (no helmet)
rElec   .            (no cloak)
rCorr   .            (no gloves)
SInv    .            (no boots)
Will    .....        q - amulet of the acrobat Stlth
                     (no ring)
HPRegen 0.27/turn    (no ring)
MPRegen 0.13/turn

%: acrobat
@: no status effects
A: fangs 1, strong nose, distributed training
a: Renounce Religion, Purification, Heal Other


You were on level 3 of the Dungeon.
You worshipped Elyvilon.
Elyvilon was pleased with you.
You visited 1 branch of the dungeon, and saw 3 of its levels.

You collected 88 gold pieces.
You spent 33 gold pieces at shops.

Inventory:

Hand Weapons
 a - a +0 short sword (weapon)
 d - a +0 club
 e - a +0 sling
 i - a +0 quarterstaff
 n - a +0 dagger
 p - a +0 flail
 r - a +0 whip
Missiles
 g - 2 stones
Armour
 t - a +2 chain mail of cold resistance (worn)
Magical Staves
 o - a staff of fire
Jewellery
 b - an amulet of guardian spirit
 q - an amulet of the acrobat (around neck)
Scrolls
 f - a scroll of fear
 k - a scroll of torment {unknown}
 l - a scroll of vulnerability {unknown}
 u - a scroll of acquirement {unknown}
 x - a scroll of teleportation {unknown}
 y - a scroll of enchant weapon {unknown}
Potions
 c - a potion of cancellation {unknown}
 j - 2 potions of mutation {unknown}
 m - 2 potions of heal wounds {unknown}
 s - 2 potions of might {unknown}
 v - a potion of magic {unknown}


   Skills:
 + Level 4.7 Fighting
 + Level 6.6 Short Blades
 + Level 1.3 Long Blades
 + Level 1.3 Axes
 + Level 1.3 Maces & Flails
 + Level 1.3 Polearms
 + Level 1.3 Staves
 + Level 1.3 Ranged Weapons
 + Level 1.3 Throwing
 + Level 1.3 Armour
 + Level 4.7 Dodging
 + Level 1.3 Stealth
 + Level 1.3 Shields
 + Level 1.3 Unarmed Combat
 + Level 5.1 Spellcasting
 + Level 5.5 Conjurations
 + Level 1.1 Hexes
 + Level 1.1 Summonings
 + Level 1.1 Necromancy
 + Level 1.1 Translocations
 + Level 1.1 Transmutations
 + Level 1.1 Fire Magic
 + Level 1.1 Ice Magic
 + Level 1.1 Air Magic
 + Level 1.1 Earth Magic
 + Level 1.1 Poison Magic
 + Level 1.5 Invocations
 + Level 1.3 Evocations
 + Level 1.2 Shapeshifting


You had 13 spell levels left.
You knew the following spells:

 Your Spells              Type           Power      Damage    Failure   Level
a - Kiss of Death         Conj/Necr      48%        2d9       75%         1

Your spell library contained the following spells:

 Spells                   Type           Power      Damage    Failure   Level
 Momentum Strike          Conj/Tloc      24%        3d8       87%         2
 Hailstorm                Conj/Ice       12%        3d5       98%         3


Dungeon Overview and Level Annotations

Branches:
Dungeon (3/15)

Altars:
Elyvilon

Shops:
D:1 [   D:2 !

Annotations:
D:3 Grinder


Innate Abilities, Weirdness & Mutations

You have very sharp teeth.
Your uncanny sense of smell can sniff out nearby items.
Your experience applies equally to all skills.


Message History

The adder barely misses you. Grinder hits you.
You writhe in agony.
* * * LOW HITPOINT WARNING * * *
You hit Grinder.
Grinder is heavily wounded.
The adder bites you but does no damage.
You completely miss Grinder. You punch Grinder, but do no damage.
Grinder is heavily wounded.
Grinder blinks!
The adder bites you but does no damage.
You barely miss the adder.
The adder is heavily wounded.
The adder bites you but does no damage.
You hit the adder but do no damage.
The adder is heavily wounded.
The adder bites you but does no damage.
You hit the adder.
You kill the adder!
You have reached level 5!
You hit the orc but do no damage. The orc hits you with a +0 falchion.
* * * LOW HITPOINT WARNING * * *
You closely miss the orc. Your bite misses the orc. Grinder gestures at you.
You suddenly lose the ability to move!
The orc hits you with a +0 falchion.
* * * LOW HITPOINT WARNING * * *
Grinder gestures at you.
You shrug off the repeated paralysis!
The orc hits you with a +0 falchion.
* * * LOW HITPOINT WARNING * * *
An orc comes into view. It is wielding a +0 dagger.
The orc hits you but does no damage.
You can move again.
You closely miss Grinder.
Grinder is heavily wounded.
You hit Grinder but do no damage.
Grinder is heavily wounded.
Grinder hits you but does no damage. The orc hits you but does no damage.
You barely miss Grinder. Your bite misses Grinder.
Grinder is heavily wounded.
Grinder gestures at you. Pain shoots through your body!
You die...
Grinder says, "Now the real fun starts!"

#.####8#.. .
#.[..#^#####.....
...#.##.#.#
#.....
.5......#.# #....
.###.#..).# #...
#.#.#### #..
#.#.#######.#
#.#.......#.####
#..........ho@.#
#########.#o##5#
#.#.# ... #+#)#
##... h.# #.>.# ∆
...# #### h...#
o...## .....


You could see Grinder, a black bear and 2 orcs.

Vanquished Creatures
  Terence (D:3)
  4 adders
  3 worms
  A dart slug (D:1)
  3 orcs (D:3)
  4 bats
  8 endoplasms
  A giant cockroach (D:2)
  5 goblins
  A hobgoblin (D:3)
  A quokka (D:2)
  2 ball pythons
  4 frilled lizards
  5 kobolds
  3 rats
46 creatures vanquished.

Vanquished Creatures (others)
  A giant cockroach (D:3)
1 creature vanquished.

Grand Total: 47 creatures vanquished

Notes
Turn   | Place    | Note
-------+----------+-------------------------------------------
     0 | D:1      | SeanOg the Gnoll Reaver began the quest for the Orb.
     0 | D:1      | Reached XP level 1. HP: 20/20 MP: 6/6
   313 | D:1      | Found a faded altar of an unknown god.
   365 | D:1      | Prayed at the altar of an unknown god.
   365 | D:1      | Became a worshipper of Elyvilon the Healer
   365 | D:1      | Reached * piety under Elyvilon
   380 | D:1      | Reached XP level 2. HP: 22/26 MP: 7/7
   616 | D:1      | You fall into a shaft and drop 1 floor!
   747 | D:1      | Found Tuygh's Armour Shoppe.
   815 | D:1      | Reached skill level 5 in Spellcasting
   815 | D:1      | Reached XP level 3. HP: 26/31 MP: 7/9
  1767 | D:2      | Reached skill level 1 in Invocations
  1976 | D:2      | Reached ** piety under Elyvilon
  2087 | D:2      | Found Hiunef's Distillery.
  2095 | D:2      | Bought a potion of curing for 33 gold pieces
  2403 | D:2      | Reached skill level 1 in Long Blades
  2403 | D:2      | Reached skill level 1 in Axes
  2403 | D:2      | Reached skill level 1 in Maces & Flails
  2403 | D:2      | Reached skill level 1 in Polearms
  2403 | D:2      | Reached skill level 1 in Staves
  2403 | D:2      | Reached skill level 1 in Ranged Weapons
  2403 | D:2      | Reached skill level 1 in Throwing
  2403 | D:2      | Reached skill level 1 in Armour
  2403 | D:2      | Reached skill level 1 in Stealth
  2403 | D:2      | Reached skill level 1 in Shields
  2403 | D:2      | Reached skill level 1 in Unarmed Combat
  2403 | D:2      | Reached skill level 1 in Evocations
  2640 | D:2      | Reached XP level 4. HP: 26/38 MP: 11/11
  2828 | D:3      | Reached skill level 1 in Shapeshifting
  2977 | D:3      | Noticed Terence
  3010 | D:3      | Elyvilon protects you from harm!
  3017 | D:3      | Killed Terence
  3018 | D:3      | Reached skill level 1 in Hexes
  3018 | D:3      | Reached skill level 1 in Summonings
  3018 | D:3      | Reached skill level 1 in Necromancy
  3018 | D:3      | Reached skill level 1 in Translocations
  3018 | D:3      | Reached skill level 1 in Transmutations
  3018 | D:3      | Reached skill level 1 in Fire Magic
  3018 | D:3      | Reached skill level 1 in Ice Magic
  3018 | D:3      | Reached skill level 1 in Air Magic
  3018 | D:3      | Reached skill level 1 in Earth Magic
  3018 | D:3      | Reached skill level 1 in Poison Magic
  3318 | D:3      | Noticed Grinder
  3339 | D:3      | Noticed a phantom
  4134 | D:3      | Paralysed by Grinder for 4 turns
  4143 | D:3      | Paralysed by Grinder for 5 turns
  4166 | D:3      | Noticed a black bear
  4190 | D:3      | Reached XP level 5. HP: 12/43 MP: 12/12
  4191 | D:3      | Paralysed by Grinder for 2 turns
  4196 | D:3      | Killed from afar by Grinder

Illustrated notes

Levels and vault maps discovered:
D:1:      giann_wishing_wells, layout_rooms, serial_shops, shop, serial_forest,
          infiniplex_forest_clump_large, infiniplex_forest_clump_curved,
          infiniplex_forest_lined_4_way, infiniplex_forest_lined_room_,
          infiniplex_forest_zigzag_1, infiniplex_forest_clump_curved,
          infiniplex_forest_clump_small, infiniplex_forest_clump_curved,
          shapermc_ecumenical_altar_mp_ritualfount
D:2:      layout_basic, serial_shops, shop, minmay_misc_feat_room,
          chequers_serial_rivers_micro_d
D:3:      layout_basic, ebering_dispersal_statue_hall, uniq_grinder,
          uniq_terence, uniq_ijyb, uniq_crazy_yiuf_cottage

Skill      XL: |  1  2  3  4 |
---------------+-------------+-----
Spellcasting   | 5 |  5.1
Invocations    | 1 |  1.5
Long Blades    | 1 |  1.3
Axes           | 1 |  1.3
Maces & Flails | 1 |  1.3
Polearms       | 1 |  1.3
Staves         | 1 |  1.3
Ranged Weapons | 1 |  1.3
Throwing       | 1 |  1.3
Armour         | 1 |  1.3
Stealth        | 1 |  1.3
Shields        | 1 |  1.3
Unarmed Combat | 1 |  1.3
Evocations     | 1 |  1.3
Shapeshifting  | 1 |  1.2
Hexes          | 1 |  1.1
Summonings     | 1 |  1.1
Necromancy     | 1 |  1.1
Translocations | 1 |  1.1
Transmutations | 1 |  1.1
Fire Magic     | 1 |  1.1
Ice Magic      | 1 |  1.1
Air Magic      | 1 |  1.1
Earth Magic    | 1 |  1.1
Poison Magic   | 1 |  1.1
Fighting       | |  4.7
Short Blades   | |  6.6
Dodging        | |  4.7
Conjurations   | |  5.5

Action                     |  1- 3 |  4- 6 || total
---------------------------+-------+-------++-------
  Melee: Short sword       |   163 |   174 ||   337
         Bite              |    19 |    23 ||    42
         Punch             |       |     4 ||     4
    Use: Scroll            |     1 |       ||     1
         Potion            |     1 |       ||     1
   Stab: Sleeping          |     1 |       ||     1
 Armour: Leather armour    |    40 |       ||    40
         Ring mail         |    22 |    16 ||    38
         Chain mail        |       |    82 ||    82
  Dodge: Dodged            |    75 |    47 ||   122

Table legend: (Time is in decaauts)
 A = Elapsed time spent in this place.
 B = Non-inter-level travel time spent in this place.
 C = Inter-level travel time spent in this place.
 D = Time resting spent in this place.
 E = Time spent auto-exploring this place.
 F = Levels seen in this place.
 G = Mean time per level.
                   A        B        C        D        E       F      G
               +--------+--------+--------+--------+--------+-----+--------+
         Total |   4091 |   4091 |      0 |   2122 |    638 |   3 | 1363.7 |
       Dungeon |   4091 |   4091 |      0 |   2122 |    638 |   3 | 1363.7 |
               +--------+--------+--------+--------+--------+-----+--------+

Top non-repeatable levels by time:
     D:2: 1791 daAuts
     D:1: 1357 daAuts
     D:3: 942 daAuts
